[ AOE2 MATCH · #478512333 ]
UnrankedVietnamese vs Aztecs
Player's team · LOSS
Rival team · WIN
[ REPLAY ANALYSIS · EXTRACTED FROM THE RECORDED GAME ]
Feudal
8:51
Castle
24:17
Imperial
—
| APM avg | 67.2 |
| APM peak | 108 |
| eAPM avg | 28.4 |
| Villagers / military | 93 / 42 |
Focus
⚔️ 30.6% · 🌾 69.4%
Knight ×17 · Skirmisher ×13 · Archer ×9 · Scorpion ×1 · Battering Ram ×1 · Cavalry Archer ×1
Feudal
11:39
Castle
27:05
Imperial
—
| APM avg | 65.2 |
| APM peak | 107 |
| eAPM avg | 26.5 |
| Villagers / military | 62 / 86 |
Focus
⚔️ 52.2% · 🌾 47.8%
Eagle Scout ×43 · Archer ×17 · Skirmisher ×10 · Monk ×6 · Militia ×6 · Battering Ram ×3
Match map
Initial resources + every placement click. Lines = walls · curves = elevation contours. ◆ gold · ⬟ stone · ● berries · ✦ relic · ◌ wall gap
Your base· Open — 1t gap
Kilroy's base· Open — unwalled flank
Smoothed initial terrain · ◌ = detected wall gap · hover for details
Inputs per minute
— TdB.holland89 - - Kilroy
Build order — TdB.holland89
First 150 of 266 actions detected
| 0:00 | Create | Villager (Male) |
| 0:01 | Create | Villager (Male) |
| 0:02 | Build | House |
| 0:03 | Build | House |
| 0:34 | Create | Villager (Male) |
| 0:34 | Create | Villager (Male) |
| 0:34 | Create | Villager (Male) |
| 1:30 | Create | Villager (Male) |
| 1:30 | Create | Villager (Male) |
| 1:57 | Create | Villager (Male) |
| 2:19 | Create | Villager (Male) |
| 2:19 | Create | Villager (Male) |
| 2:24 | Build | Lumber Camp |
| 2:43 | Create | Villager (Male) |
| 2:43 | Create | Villager (Male) |
| 2:43 | Create | Villager (Male) |
| 3:01 | Create | Villager (Male) |
| 3:01 | Create | Villager (Male) |
| 3:02 | Create | Villager (Male) |
| 3:19 | Create | Villager (Male) |
| 3:20 | Create | Villager (Male) |
| 3:33 | Build | House |
| 4:01 | Create | Villager (Male) |
| 4:16 | Create | Villager (Male) |
| 4:40 | Build | Mill |
| 4:43 | Create | Villager (Male) |
| 5:12 | Create | Villager (Male) |
| 5:24 | Research | Loom |
| 5:27 | Research | Loom |
| 5:40 | Create | Villager (Male) |
| 5:40 | Research | Loom |
| 6:34 | Build | Palisade Gate |
| 6:40 | Research | Feudal Age |
| 7:18 | Build | Mill |
| 8:17 | Create | Villager (Male) |
| 8:22 | Build | Palisade Wall |
| 8:23 | Build | Palisade Wall |
| 8:25 | Build | Palisade Wall |
| 8:27 | Build | Palisade Wall |
| 8:37 | Build | House |
| 8:38 | Build | Palisade Wall |
| 8:51 | Age | Feudal Age |
| 8:58 | Build | Barracks |
| 9:12 | Create | Villager (Male) |
| 9:22 | Build | House |
| 9:47 | Create | Villager (Male) |
| 10:04 | Create | Villager (Male) |
| 10:05 | Build | Mining Camp |
| 10:24 | Build | Palisade Wall |
| 10:27 | Build | Palisade Wall |
| 10:32 | Create | Villager (Male) |
| 10:39 | Build | Archery Range |
| 10:48 | Build | House |
| 10:51 | Build | Palisade Wall |
| 10:57 | Build | Palisade Wall |
| 11:03 | Create | Villager (Male) |
| 11:05 | Build | Farm |
| 11:09 | Build | Palisade Wall |
| 11:11 | Build | Palisade Wall |
| 11:18 | Create | Villager (Male) |
| 11:29 | Build | Farm |
| 11:41 | Create | Archer |
| 11:42 | Create | Villager (Male) |
| 11:46 | Build | Farm |
| 11:50 | Create | Villager (Male) |
| 11:55 | Create | Archer |
| 11:59 | Build | House |
| 12:11 | Create | Villager (Male) |
| 12:13 | Build | Farm |
| 12:21 | Create | Archer |
| 12:22 | Create | Villager (Male) |
| 12:27 | Build | Watch Tower |
| 12:31 | Create | Villager (Male) |
| 12:44 | Research | Double-Bit Axe |
| 12:56 | Build | Blacksmith |
| 13:09 | Create | Archer |
| 13:17 | Build | Farm |
| 13:18 | Create | Villager (Male) |
| 13:30 | Create | Archer |
| 13:33 | Build | House |
| 13:35 | Build | Palisade Wall |
| 13:40 | Build | House |
| 13:43 | Build | Palisade Wall |
| 13:47 | Research | Fletching |
| 14:04 | Build | Lumber Camp |
| 14:18 | Create | Villager (Male) |
| 14:26 | Build | House |
| 14:28 | Build | Farm |
| 14:39 | Create | Archer |
| 14:42 | Create | Villager (Male) |
| 14:50 | Build | Palisade Gate |
| 14:51 | Build | Palisade Wall |
| 15:09 | Build | Farm |
| 15:09 | Build | Farm |
| 15:13 | Create | Skirmisher |
| 15:20 | Build | Outpost |
| 15:23 | Research | Town Watch |
| 15:23 | Create | Villager (Male) |
| 15:30 | Create | Skirmisher |
| 15:31 | Create | Skirmisher |
| 15:39 | Build | House |
| 15:44 | Build | House |
| 15:47 | Create | Skirmisher |
| 15:57 | Create | Villager (Male) |
| 16:11 | Create | Villager (Male) |
| 16:17 | Create | Skirmisher |
| 16:41 | Build | Farm |
| 16:43 | Build | Farm |
| 16:44 | Build | Farm |
| 17:00 | Create | Villager (Male) |
| 17:02 | Build | Farm |
| 17:09 | Create | Skirmisher |
| 17:39 | Create | Villager (Male) |
| 17:43 | Build | Archery Range |
| 17:46 | Build | House |
| 17:48 | Create | Villager (Male) |
| 17:58 | Build | Farm |
| 18:03 | Build | Farm |
| 18:06 | Build | Farm |
| 18:27 | Create | Villager (Male) |
| 18:39 | Build | House |
| 18:46 | Create | Archer |
| 19:20 | Build | House |
| 19:27 | Build | Palisade Wall |
| 19:30 | Build | House |
| 19:35 | Create | Archer |
| 19:35 | Create | Skirmisher |
| 19:35 | Create | Archer |
| 19:42 | Create | Villager (Male) |
| 19:44 | Build | Farm |
| 19:47 | Create | Villager (Male) |
| 20:00 | Create | Skirmisher |
| 20:06 | Create | Skirmisher |
| 20:22 | Build | Market |
| 20:35 | Create | Skirmisher |
| 20:47 | Create | Villager (Male) |
| 21:01 | Create | Villager (Male) |
| 21:07 | Build | Farm |
| 21:08 | Build | Farm |
| 21:11 | Create | Villager (Male) |
| 21:12 | Create | Villager (Male) |
| 21:21 | Build | Mill |
| 21:33 | Research | Castle Age |
| 21:34 | Research | Castle Age |
| 21:52 | Build | Lumber Camp |
| 23:04 | Create | Skirmisher |
| 23:05 | Create | Skirmisher |
| 23:29 | Build | Palisade Gate |
| 23:45 | Create | Villager (Male) |
| 24:05 | Create | Skirmisher |
Build order — Kilroy
First 150 of 238 actions detected
| 0:00 | Create | Villager (Male) |
| 0:00 | Create | Villager (Male) |
| 0:00 | Create | Villager (Male) |
| 0:01 | Create | Villager (Male) |
| 0:02 | Build | House |
| 0:03 | Build | House |
| 1:34 | Create | Villager (Male) |
| 1:52 | Create | Villager (Male) |
| 2:16 | Create | Villager (Male) |
| 2:37 | Create | Villager (Male) |
| 2:53 | Build | Barracks |
| 2:57 | Create | Villager (Male) |
| 2:58 | Create | Villager (Male) |
| 3:12 | Build | House |
| 3:28 | Create | Villager (Male) |
| 3:55 | Create | Militia |
| 4:15 | Create | Villager (Male) |
| 4:37 | Create | Militia |
| 4:37 | Create | Militia |
| 4:39 | Build | House |
| 4:47 | Create | Villager (Male) |
| 4:47 | Create | Villager (Male) |
| 5:05 | Create | Villager (Male) |
| 5:21 | Build | Lumber Camp |
| 5:26 | Create | Militia |
| 5:33 | Create | Militia |
| 5:40 | Research | Loom |
| 6:06 | Create | Villager (Male) |
| 6:06 | Create | Villager (Male) |
| 6:11 | Create | Militia |
| 6:28 | Create | Villager (Male) |
| 6:43 | Create | Villager (Male) |
| 7:02 | Create | Villager (Male) |
| 7:23 | Build | Mill |
| 7:29 | Create | Villager (Male) |
| 7:47 | Build | House |
| 8:37 | Create | Villager (Male) |
| 9:29 | Research | Feudal Age |
| 9:29 | Research | Feudal Age |
| 9:31 | Build | Lumber Camp |
| 10:38 | Build | House |
| 10:41 | Build | House |
| 10:56 | Build | Mining Camp |
| 11:14 | Create | Villager (Male) |
| 11:39 | Age | Feudal Age |
| 11:42 | Build | Archery Range |
| 11:44 | Research | Man-at-Arms (upgrade) |
| 11:47 | Create | Villager (Male) |
| 12:01 | Build | Archery Range |
| 12:19 | Create | Skirmisher |
| 12:26 | Create | Villager (Male) |
| 12:38 | Create | Skirmisher |
| 12:46 | Build | Blacksmith |
| 12:48 | Build | Palisade Wall |
| 12:59 | Create | Villager (Male) |
| 13:02 | Create | Archer |
| 13:22 | Create | Skirmisher |
| 13:22 | Create | Archer |
| 13:22 | Create | Skirmisher |
| 13:34 | Create | Villager (Male) |
| 13:36 | Build | Farm |
| 14:01 | Build | Watch Tower |
| 14:12 | Research | Fletching |
| 14:15 | Create | Archer |
| 14:24 | Build | House |
| 14:25 | Build | House |
| 14:29 | Build | House |
| 14:38 | Build | Watch Tower |
| 14:39 | Create | Villager (Male) |
| 14:53 | Build | Watch Tower |
| 15:04 | Create | Skirmisher |
| 15:04 | Create | Skirmisher |
| 15:17 | Create | Skirmisher |
| 15:20 | Build | House |
| 15:21 | Build | House |
| 15:29 | Create | Archer |
| 15:30 | Create | Archer |
| 15:30 | Create | Archer |
| 15:49 | Create | Villager (Male) |
| 15:58 | Create | Villager (Male) |
| 16:08 | Create | Skirmisher |
| 16:08 | Create | Archer |
| 16:09 | Create | Skirmisher |
| 16:09 | Create | Skirmisher |
| 16:25 | Build | House |
| 16:29 | Build | Palisade Wall |
| 16:33 | Build | House |
| 16:35 | Create | Villager (Male) |
| 16:37 | Create | Villager (Male) |
| 17:07 | Build | Farm |
| 17:09 | Build | Farm |
| 17:09 | Build | Farm |
| 17:10 | Build | Farm |
| 17:41 | Create | Archer |
| 17:41 | Create | Archer |
| 17:44 | Build | Farm |
| 17:56 | Create | Villager (Male) |
| 18:00 | Build | Farm |
| 18:21 | Create | Villager (Male) |
| 18:21 | Create | Villager (Male) |
| 18:37 | Build | House |
| 18:48 | Create | Villager (Male) |
| 19:13 | Create | Villager (Male) |
| 19:22 | Create | Villager (Male) |
| 19:22 | Create | Villager (Male) |
| 19:28 | Build | Palisade Wall |
| 19:37 | Build | Lumber Camp |
| 19:57 | Create | Archer |
| 19:57 | Create | Archer |
| 19:57 | Create | Archer |
| 19:57 | Create | Archer |
| 19:59 | Build | Mining Camp |
| 20:01 | Create | Villager (Male) |
| 20:01 | Create | Villager (Male) |
| 20:42 | Build | Watch Tower |
| 20:43 | Create | Villager (Male) |
| 20:59 | Create | Archer |
| 20:59 | Create | Archer |
| 21:00 | Create | Villager (Male) |
| 21:02 | Build | Farm |
| 21:03 | Build | Farm |
| 21:09 | Build | Market |
| 21:26 | Build | Farm |
| 21:33 | Research | Arson |
| 21:42 | Build | Palisade Wall |
| 21:43 | Build | Palisade Wall |
| 21:43 | Build | Palisade Wall |
| 21:50 | Create | Archer |
| 21:50 | Create | Archer |
| 21:59 | Create | Villager (Male) |
| 22:03 | Build | House |
| 22:23 | Build | Watch Tower |
| 22:34 | Create | Villager (Male) |
| 22:35 | Build | House |
| 22:38 | Build | Lumber Camp |
| 23:51 | Build | House |
| 24:18 | Build | Palisade Wall |
| 24:19 | Build | Palisade Wall |
| 24:25 | Research | Castle Age |
| 24:29 | Build | Barracks |
| 25:03 | Build | Mining Camp |
| 25:20 | Build | Barracks |
| 25:24 | Research | Scale Mail Armor |
| 25:42 | Build | Watch Tower |
| 25:59 | Build | Farm |
| 26:08 | Build | Stone Wall |
| 26:15 | Build | Stone Wall |
| 26:22 | Create | Eagle Scout |
| 26:23 | Create | Eagle Scout |
| 26:23 | Create | Eagle Scout |
Match timeline
| 2:53 | Kilroy · first_building Barracks |
| 8:22 | TdB.holland89 · wall_segment Palisade Wall x1 |
| 8:23 | TdB.holland89 · wall_segment Palisade Wall x1 |
| 8:25 | TdB.holland89 · wall_segment Palisade Wall x1 |
| 8:27 | TdB.holland89 · wall_segment Palisade Wall x1 |
| 8:38 | TdB.holland89 · wall_segment Palisade Wall x4 |
| 8:51 | TdB.holland89 · age_up feudal |
| 8:58 | TdB.holland89 · first_building Barracks |
| 10:24 | TdB.holland89 · wall_segment Palisade Wall x1 |
| 10:27 | TdB.holland89 · wall_segment Palisade Wall x1 |
| 10:39 | TdB.holland89 · first_building Archery Range |
| 10:51 | TdB.holland89 · wall_segment Palisade Wall x2 |
| 10:57 | TdB.holland89 · wall_segment Palisade Wall x1 |
| 11:09 | TdB.holland89 · wall_segment Palisade Wall x1 |
| 11:11 | TdB.holland89 · wall_segment Palisade Wall x1 |
| 11:39 | Kilroy · age_up feudal |
| 11:42 | Kilroy · first_building Archery Range |
| 12:48 | Kilroy · wall_segment Palisade Wall x1 |
| 13:35 | TdB.holland89 · wall_segment Palisade Wall x7 |
| 13:43 | TdB.holland89 · wall_segment Palisade Wall x7 |
| 14:51 | TdB.holland89 · wall_segment Palisade Wall x2 |
| 16:29 | Kilroy · wall_segment Palisade Wall x1 |
| 19:27 | TdB.holland89 · wall_segment Palisade Wall x1 |
| 19:28 | Kilroy · wall_segment Palisade Wall x1 |
| 21:24 | TdB.holland89 · first_market_buy 100 food |
| 21:33 | TdB.holland89 · first_market_sell 100 food |
| 21:42 | Kilroy · wall_segment Palisade Wall x2 |
| 21:43 | Kilroy · wall_segment Palisade Wall x1 |
| 21:43 | Kilroy · wall_segment Palisade Wall x1 |
| 23:43 | Kilroy · first_market_buy 100 food |
| 23:44 | Kilroy · first_market_sell 100 wood |
| 24:17 | TdB.holland89 · age_up castle |
| 24:18 | Kilroy · wall_segment Palisade Wall x2 |
| 24:19 | Kilroy · wall_segment Palisade Wall x3 |
| 24:48 | TdB.holland89 · first_building Siege Workshop |
| 25:41 | TdB.holland89 · first_building Stable |
| 26:08 | Kilroy · wall_segment Stone Wall x2 |
| 26:15 | Kilroy · wall_segment Stone Wall x4 |
| 27:05 | Kilroy · age_up castle |
| 27:51 | Kilroy · wall_segment Stone Wall x1 |
| 28:55 | TdB.holland89 · wall_segment Palisade Wall x4 |
| 31:08 | Kilroy · first_building Siege Workshop |
| 31:14 | TdB.holland89 · wall_segment Palisade Wall x1 |
| 31:15 | TdB.holland89 · wall_segment Palisade Wall x1 |
| 31:42 | Kilroy · first_building Monastery |
| 31:43 | TdB.holland89 · wall_segment Palisade Wall x1 |
| 34:23 | TdB.holland89 · wall_segment Palisade Wall x1 |
| 34:25 | TdB.holland89 · wall_segment Palisade Wall x1 |
| 35:47 | TdB.holland89 · resign |
[ AI ANALYSIS · 1 CREDIT ]
What really happened in this match?
Wolo.gg analyzes every decision: build order, eco, micro, common mistakes by bracket. Personalized analysis on WhatsApp or Discord in 30 seconds.
Civ guide
Vietnamese
Perfil
TdB.holland89